 Dungeon Crawl Stone Soup version 0.22.1-2-g9c5b331383 (webtiles) character file.

476 LLavrengius the Skirmisher (level 7, -3/76 HPs)
             Began as an Ogre Monk on Nov 14, 2018.
             Was an Elder of Elyvilon.
             Slain by an orc
             ... wielding a +0 hand axe
              (4 damage)
             ... on level 4 of the Dungeon.
             The game lasted 00:11:50 (5596 turns).

LLavrengius the Skirmisher (Ogre Monk)              Turns: 5596, Time: 00:11:50

Health: -3/76      AC:  3    Str: 18    XL:     7   Next: 10%
Magic:  9/9        EV: 10    Int: 11    God:    Elyvilon [****..]
Gold:   171        SH:  0    Dex: 11    Spells: 6/6 levels left

rFire    . . .     SeeInvis .   s - +0 giant spiked club
rCold    . . .     Gourm    .   (shield currently unavailable)
rNeg     . . .     Faith    .   b - +0 robe
rPois    .         Spirit   .   (helmet restricted)
rElec    .         Reflect  .   o - scarf {cloud immunity}
rCorr    .         Harm     .   (gloves unavailable)
MR       .....                  (boots unavailable)
Stlth    ++........             (no amulet)
HPRegen  0.22/turn              (no ring)
MPRegen  0.11/turn              (no ring)

@: no status effects
A: large, unfitting armour, tough skin 1
a: Lesser Healing, Heal Other, Purification, Greater Healing, Divine Protection,
Renounce Religion


You were on level 4 of the Dungeon.
You worshipped Elyvilon.
Elyvilon was greatly pleased with you.
You were not hungry.

You visited 1 branch of the dungeon, and saw 4 of its levels.

You collected 171 gold pieces.

Inventory:

Hand Weapons
 k - a +0 hunting sling
 s - a +0 giant spiked club (weapon)
Missiles
 l - 122 stones (quivered)
 n - a throwing net
Armour
 b - a +0 robe (worn)
 o - a scarf of cloud immunity (worn)
Scrolls
 d - 4 scrolls of identify {unknown}
 e - 2 scrolls of teleportation {unknown}
 f - a scroll of enchant armour {unknown}
 g - 5 scrolls of fog {unknown}
 h - 2 scrolls of remove curse {unknown}
 i - a scroll of noise {unknown}
Potions
 j - a potion of curing {unknown}
 p - a potion of heal wounds {unknown}
 q - a potion of agility {unknown}
 r - a potion of haste {unknown}
Comestibles
 c - 5 rations


   Skills:
 + Level 6.4 Fighting
 + Level 4.5 Maces & Flails
 + Level 2.5 Throwing
 - Level 3.0 Dodging
 - Level 1.5 Stealth
 + Level 3.0 Invocations


You had 6 spell levels left.
You didn't know any spells.
Your spell library was empty.

Dungeon Overview and Level Annotations

Branches:
Dungeon (4/15)
 Temple: D:4-7

Altars:
Cheibriados
Dithmenos
Elyvilon
Ru
Vehumet

Shops:
D:4 [


Innate Abilities, Weirdness & Mutations

You are too large for most types of armour.
You have tough skin. (AC +1)


Message History

* * * LOW HITPOINT WARNING * * *
The orc priest miscasts a cantrip.
You barely miss the orc priest.
The orc priest is almost dead.
The orc hits you with a hand axe.
* * * LOW HITPOINT WARNING * * *
The orc priest closely misses you. The orc closely misses you.
The orc priest closely misses you.
Unknown command.
You hit the orc priest.
You kill the orc priest!
Your Invocations skill increases to level 3!
The orc barely misses you.
Unknown command.
You barely miss the orc. The orc hits you with a hand axe.
* * * LOW HITPOINT WARNING * * *
The orc barely misses you.
Unknown command.
You barely miss the orc. The orc hits you with a hand axe.
You die...

#.. ..> .. #...
... ..
#...###.###.
#.oo.......
..........#
.∩..o..o..# #
######
..........#.# #
#..... ##)..#.#.#
#.##.# #@o..$...#
#.. #......### ##.
#......# #.
###.##.### ##
#..........
#.#........
#.#.#.#####
#.#...#
#.################


You could see an orc priest and an orc.

Vanquished Creatures
  2 ogres (D:4)
  3 orc priests
  An iguana (D:4)
  Robin (D:3)
  6 adders
  An ooze (D:1)
  An adder skeleton (D:4)
  4 worms
  3 dart slugs
  5 leopard geckos
  8 orcs
  2 giant cockroaches (D:1)
  13 goblins
  17 hobgoblins
  7 kobolds
  A quokka (D:4)
  A ball python (D:2)
  7 bats
  8 frilled lizards
  5 rats
96 creatures vanquished.

Notes
Turn   | Place    | Note
-------+----------+-------------------------------------------
     0 | D:1      | LLavrengius the Ogre Monk began the quest for the Orb.
     0 | D:1      | Reached XP level 1. HP: 24/24 MP: 1/1
   288 | D:1      | Reached XP level 2. HP: 32/32 MP: 2/2
   540 | D:1      | Reached XP level 3. HP: 40/40 MP: 3/3
  1766 | D:2      | Reached XP level 4. HP: 49/49 MP: 4/4
  1812 | D:2      | Found a faded altar of an unknown god.
  1819 | D:2      | Became a worshipper of Elyvilon the Healer
  1819 | D:2      | Reached * piety under Elyvilon
  1819 | D:2      | Reached ** piety under Elyvilon
  1837 | D:2      | Reached skill level 5 in Fighting
  2010 | D:2      | Reached *** piety under Elyvilon
  2969 | D:3      | Reached skill level 1 in Invocations
  2969 | D:3      | Reached XP level 5. HP: 33/57 MP: 5/5
  3138 | D:3      | Noticed Robin
  3169 | D:3      | Killed Robin
  3169 | D:3      | Reached skill level 1 in Throwing
  3383 | D:3      | Found a radiant altar of Vehumet.
  3862 | D:3      | Noticed an orc warrior
  4067 | D:4      | Reached **** piety under Elyvilon
  4201 | D:4      | Reached XP level 6. HP: 11/67 MP: 7/7
  4496 | D:4      | Reached skill level 6 in Fighting
  4875 | D:4      | Found a snail-covered altar of Cheibriados.
  4878 | D:4      | Found a shadowy altar of Dithmenos.
  4909 | D:4      | Found a sacrificial altar of Ru.
  5569 | D:4      | Reached XP level 7. HP: 73/76 MP: 9/9
  5579 | D:4      | Found Kacu's Antique Armour Shoppe.
  5595 | D:4      | HP: 1/76 [orc/hand axe (5)]
  5596 | D:4      | Slain by an orc

Skill      XL: |  1  2  3  4  5  6  7 |
---------------+----------------------+-----
Maces & Flails | 3 4 |  4.5
Fighting       | 5 6 |  6.4
Dodging        | 3 |  3.0
Invocations    | 1 2 3 |  3.0
Throwing       | 1 2 |  2.5
Stealth        | |  1.5

Action                   |  1- 3 |  4- 6 |  7- 9 || total
-------------------------+-------+-------+-------++-------
Melee: Mace              |   118 |   196 |       ||   314
       Giant club        |       |    11 |       ||    11
       Giant spiked club |       |     4 |    19 ||    23
Throw: Stone             |       |     4 |       ||     4
Invok: Lesser Healing    |       |     2 |       ||     2
 Stab: Sleeping          |     7 |     2 |       ||     9
  Eat: Chunk             |     2 |    11 |       ||    13
       Ration            |       |     1 |       ||     1
Armor: Robe              |    36 |    42 |     4 ||    82
Dodge: Dodged            |    73 |   128 |    16 ||   217
